 Dungeon Crawl Stone Soup version 0.29.1-2-gbd0b4ee654 (webtiles) character file.

Game seed: 4569862304462933287

63 p00ps00p the Trooper (level 4, -1/41 HPs)
             Began as a Hill Orc Fighter on Oct 29, 2022.
             Slain by Crazy Yiuf
             ... wielding a +3 quarterstaff of chaos
              (5 damage)
             ... on level 2 of the Dungeon.
             The game lasted 00:02:48 (2338 turns).

p00ps00p the Trooper (Hill Orc Fighter)             Turns: 2338, Time: 00:02:49

Health: -1/41      AC:  7    Str: 20    XL:     4   Next: 9%
Magic:  4/4        EV:  9    Int:  8    God:
Gold:   11         SH:  4    Dex: 10    Spells: 3/3 levels left

rFire   . . .      SeeInvis .   a - +0 war axe
rCold   . . .      Faith    .   c - +0 buckler
rNeg    . . .      Spirit   .   b - +0 scale mail
rPois   .          Reflect  .   (no helmet)
rElec   .          Harm     .   (no cloak)
rCorr   .          Rampage  .   (no gloves)
Will    .....                   (no boots)
Stlth   ..........              (no amulet)
HPRegen 0.13/turn               (no ring)
MPRegen 0.09/turn               (no ring)

@: lethally poisoned (-1 -> -12)
A: no striking features
a: no special abilities


You were on level 2 of the Dungeon.
You visited 1 branch of the dungeon, and saw 2 of its levels.

You collected 11 gold pieces.

Inventory:

Hand Weapons
 a - a +0 war axe (weapon)
Missiles
 k - 2 poisoned darts (quivered)
Armour
 b - a +0 scale mail (worn)
 c - a +0 buckler (worn)
Magical Staves
 m - a staff of cold
Scrolls
 e - 2 scrolls of identify {unknown}
 f - a scroll of fog {unknown}
 g - a scroll of vulnerability {unknown}
 i - 3 scrolls of immolation {unknown}
 j - a scroll of brand weapon {unknown}
 l - a scroll of summoning {unknown}
Potions
 d - a potion of might
 h - a potion of curing {unknown}
 n - a potion of lignification {unknown}
 o - a potion of flight {unknown}
 p - a potion of degeneration {unknown}


   Skills:
 + Level 4.3 Fighting
 + Level 3.6 Axes
 + Level 3.8 Armour
 + Level 3.8 Shields


You had 3 spell levels left.
You didn't know any spells.
Your spell library contained the following spells:

 Spells                   Type           Power      Damage    Failure   Level
 Scorch                   Fire           0%         2d5       94%         2
 Conjure Flame            Conj/Fire      0%         6-21      99%         3
 Sticky Flame             Conj/Fire      0%         2d3       100%        4
 Fire Storm               Conj/Fire      0%         5d1       100%        9


Dungeon Overview and Level Annotations

Branches:
Dungeon (2/15)

Altars:

Shops:
D:1 (

Annotations:
D:2 Crazy Yiuf


Message History

Crazy Yiuf whimpers, "Ghoul!"
Found a stone staircase leading up.
There is a stone staircase leading up here.
A rat comes into view.
A rat is nearby!
You closely miss the rat. The rat bites you but does no damage.
You closely miss the rat. The rat barely misses you.
You slash the rat!
You kill the rat!
You see here a rat corpse.
A bat comes into view.
A bat is nearby!
The bat closely misses you.
You slash the bat!
You kill the bat!
You see here a +0 dagger.
You see here a +0 dagger.
Crazy Yiuf shouts!
You open the door. You hit Crazy Yiuf.
Crazy Yiuf is lightly wounded.
Crazy Yiuf hits you with a +3 quarterstaff of chaos.
You resist with some effort.
You barely miss Crazy Yiuf.
Crazy Yiuf is lightly wounded.
Crazy Yiuf hits you with a +3 quarterstaff of chaos!
You are poisoned.
Crazy Yiuf hits you with a +3 quarterstaff of chaos!
Crazy Yiuf draws strength from your wounds!
You slash Crazy Yiuf!
Crazy Yiuf is severely wounded.
* * * LOW HITPOINT WARNING * * *
You feel very sick. Crazy Yiuf barely misses you.
You closely miss Crazy Yiuf.
Crazy Yiuf is severely wounded.
* * * LOW HITPOINT WARNING * * *
You feel very sick.
Crazy Yiuf hits you with a +3 quarterstaff of chaos.
You die...

#####......#
#....#
#...........
..........##
#....#
###.########
###########
♣....♣ #.###
#... ......#
♣...♣♣
#...###.##
#####.#
♣♣.♣♣
###...#.#
#.######
♣.♣♣ ###...#
#......#
♣♣.♣ ##..##
########
♣.♣♣ #..##
♣♣@♣ #..##
#g# #....
... #.>.#
#...# #####
#..)# #####
### #.#


You could see Crazy Yiuf.

Vanquished Creatures
  3 adders (D:2)
  A worm (D:2)
  A dart slug (D:1)
  A ball python (D:2)
  An endoplasm (D:2)
  3 giant cockroaches
  3 goblins
  A hobgoblin (D:1)
  A kobold (D:2)
  2 quokkas (D:1)
  6 bats
  A frilled lizard (D:2)
  6 rats
30 creatures vanquished.

Notes
Turn   | Place    | Note
-------+----------+-------------------------------------------
     0 | D:1      | p00ps00p the Hill Orc Fighter began the quest for the Orb.
     0 | D:1      | Reached XP level 1. HP: 19/19 MP: 1/1
   324 | D:1      | Reached XP level 2. HP: 27/27 MP: 2/2
   524 | D:1      | Found Sunt's Antique Weapon Emporium.
   944 | D:1      | Noticed an eye of devastation
   945 | D:1      | Found a faded altar of an unknown god.
   948 | D:1      | Noticed a floating eye
   954 | D:1      | Noticed a great orb of eyes
   957 | D:1      | Noticed a golden eye
  1012 | D:2      | Reached skill level 4 in Fighting
  1012 | D:2      | Reached XP level 3. HP: 16/33 MP: 3/3
  1162 | D:2      | Got the Commentary on the Volcanoes
  1831 | D:2      | Reached XP level 4. HP: 40/40 MP: 4/4
  2004 | D:2      | Found a runed translucent door.
  2005 | D:2      | Noticed Crazy Yiuf
  2338 | D:2      | Slain by Crazy Yiuf

Illustrated notes

Levels and vault maps discovered:
D:1:      onia_arrival_mini_maze, layout_basic,
          hellmonk_ecumenical_altar_watching_god, serial_shops, shop_statue
D:2:      layout_basic, uniq_crazy_yiuf_cottage

Skill      XL: |  1  2 |
---------------+-------+-----
Axes           | 3 |  3.6
Fighting       | 4 |  4.3
Armour         | |  3.8
Shields        | |  3.8

Action                   |  1- 3 |  4- 6 || total
-------------------------+-------+-------++-------
Melee: War axe           |    87 |     9 ||    96
Armor: Scale mail        |    45 |     1 ||    46
Dodge: Dodged            |    49 |     3 ||    52
Block: Buckler           |    20 |       ||    20
